 Dungeon Crawl Stone Soup version 0.19.0 (webtiles) character file.

661 Andre the Chopper (level 7, -1/91 HPs)
             Began as a Minotaur Berserker on Nov 21, 2016.
             Was a Priest of Trog.
             Succumbed to an orc wizard's poison
             ... on level 4 of the Dungeon.
             The game lasted 00:55:06 (4176 turns).

Andre the Chopper (Minotaur Berserker)              Turns: 4176, Time: 00:55:07

Health: -1/91      AC: 10    Str: 27    XL:     7   Next: 30%
Magic:  6/6        EV: 10    Int:  4    God:    Trog [***...]
Gold:   98         SH:  0    Dex: 11    Spells: 0 memorised, 6 levels left

rFire  . . .     SeeInvis .     D - +0 long sword (flame)
rCold  . . .     Gourm    .     u - +0 chain mail
rNeg   . . .     Faith    .     (no shield)
rPois  .         Spirit   .     (helmet restricted)
rElec  .         Reflect  .     (no cloak)
rCorr  .         Harm     .     (no gloves)
MR     .....                    (no boots)
Stlth  ..........               (no amulet)
                                (no ring)
                                (no ring)

@: berserking (expiring), lethally poisoned (-1 -> -32), very quick
A: retaliatory headbutt, horns 2
a: Berserk, Trog's Hand, Burn Spellbooks, Renounce Religion


You were on level 4 of the Dungeon.
You worshipped Trog.
Trog was most pleased with you.
You were not hungry.

You visited 1 branch of the dungeon, and saw 4 of its levels.
You also visited: Sewer.

You collected 98 gold pieces.

Inventory:

Hand Weapons
 a - a +0 hand axe
 q - a +0 mace
 r - a +0 flail
 s - a +0 whip
 A - a +0 flail
 C - a +0 spear
 D - a +0 long sword of flaming (weapon)
 Z - a +0 flail
Missiles
 m - 140 stones (quivered)
 t - 2 tomahawks of dispersal
 I - 26 sling bullets
 R - 19 bolts
Armour
 u - a +0 chain mail (worn)
 W - a +2 pair of gloves
Jewellery
 K - an uncursed ring of protection from magic {unknown}
Scrolls
 d - a scroll of random uselessness {unknown}
 e - 3 scrolls of remove curse {unknown}
 k - a scroll of magic mapping {unknown}
 n - 4 scrolls of identify {unknown}
 o - a scroll of noise {unknown}
 p - 3 scrolls of enchant armour {unknown}
 F - a scroll of teleportation {unknown}
 L - 2 scrolls of fear {unknown}
 N - a scroll of fog {unknown}
 O - a scroll of blinking {unknown}
 P - 2 scrolls of recharging {unknown}
Potions
 b - a potion of degeneration {unknown}
 f - a potion of lignification {unknown}
 h - a potion of might {unknown}
 i - a potion of cancellation {unknown}
 j - a potion of heal wounds {unknown}
 z - a potion of berserk rage {unknown}
 E - 2 potions of brilliance {unknown}
 H - a potion of agility {unknown}
 J - a potion of mutation {unknown}
 M - 2 potions of curing {unknown}
 S - 2 potions of flight {unknown}
Comestibles
 c - 2 bread rations
 g - 3 meat rations
 l - 3 chunks of flesh
 v - a royal jelly
 X - a slice of pizza


   Skills:
 + Level 5.6 Fighting
 + Level 2.4 Long Blades
 + Level 6.4 Axes
 + Level 5.5 Armour
 + Level 3.3 Dodging
 + Level 0.8 Stealth


You had 6 spell levels left.
You didn't know any spells.

Dungeon Overview and Level Annotations

Branches:
Dungeon (4/15)
 Temple: D:4-7

Altars:
Dithmenos
Okawaru
Uskayaw


Innate Abilities, Weirdness & Mutations

You reflexively headbutt those who attack you in melee.
You have a pair of horns on your head.


Message History

You hit the orc priest but do no damage.
The orc priest is moderately wounded.
* * * LOW HITPOINT WARNING * * *
You feel very sick.
You slash the orc priest! You burn the orc priest.
You kill the orc priest!
Trog accepts your kill.
* * * LOW HITPOINT WARNING * * *
You feel very sick.
There is a lethal amount of poison in your body!
There is a lethal amount of poison in your body!
There is a lethal amount of poison in your body!
You aren't quite hungry enough to eat that!
You are too berserk!
* * * LOW HITPOINT WARNING * * *
You feel sick.
Items here: ))) [[ ††
There is a lethal amount of poison in your body!
You feel a strong urge to attack something.
You die...

##################
.................#
#######..........########
#.#######.).......# #.#
##@######.# #.# #.# #.#
#># #.# #.# #.# ... ... #
... .# ..... ...


There were no monsters in sight!

Vanquished Creatures
  The ghost of chickenpie the Cudgeler, an amateur DsBe of Trog (D:3)
  Purgy (Sewer)
  3 orc priests (D:4)
  2 orc wizards (D:4)
  Jessica (D:3)
  4 worker ants (D:4)
  6 adders
  4 gnolls (D:4)
  3 worms
  2 dart slugs (D:2)
  4 leopard geckos
  5 orcs
  2 bats (D:2)
  2 giant cockroaches
  5 hobgoblins
  6 jackals
  4 kobolds
  5 ball pythons
  7 frilled lizards
  6 goblins
  A quokka skeleton (D:4)
  7 rats
81 creatures vanquished.

Vanquished Creatures (others)
  A goblin (D:3)
1 creature vanquished.

Grand Total: 82 creatures vanquished

Notes
Turn   | Place    | Note
-------+----------+-------------------------------------------
     0 | D:1      | Andre the Minotaur Berserker began the quest for the Orb.
     0 | D:1      | Reached XP level 1. HP: 19/19 MP: 0/0
   366 | D:1      | Reached skill level 4 in Axes
   379 | D:1      | Reached XP level 2. HP: 27/27 MP: 1/1
  1014 | D:2      | Found a shadowy altar of Dithmenos.
  1148 | D:2      | Found a hide-covered altar of Uskayaw.
  1249 | D:2      | Reached XP level 3. HP: 33/33 MP: 2/2
  1521 | D:2      | Reached ** piety under Trog
  1547 | D:2      | Found an iron altar of Okawaru.
  1938 | D:3      | Reached XP level 4. HP: 38/40 MP: 3/3
  1939 | D:3      | Noticed chickenpie's ghost (amateur DsBe)
  1955 | D:3      | Killed chickenpie's ghost
  1955 | D:3      | Reached skill level 5 in Axes
  1955 | D:3      | Reached XP level 5. HP: 25/47 MP: 4/4
  2149 | D:3      | Noticed Jessica
  2158 | D:3      | Killed Jessica
  2352 | D:3      | Found a glowing drain.
  2361 | Sewer    | Entered a sewer
  2437 | Sewer    | Reached XP level 6. HP: 55/55 MP: 5/5
  2444 | Sewer    | Noticed Purgy
  2460 | Sewer    | Killed Purgy
  2460 | Sewer    | Reached skill level 5 in Fighting
  2460 | Sewer    | Reached skill level 6 in Axes
  3047 | D:3      | You fall through a shaft!
  3891 | D:4      | Reached skill level 1 in Long Blades
  3891 | D:4      | Reached skill level 5 in Armour
  4040 | D:4      | Reached XP level 7. HP: 57/61 MP: 6/6
  4075 | D:4      | Reached *** piety under Trog
  4174 | D:4      | HP: 3/91 [poisoned by an orc wizard]
  4175 | D:4      | HP: 1/91 [poisoned by an orc wizard]
  4176 | D:4      | Succumbed to an orc wizard's poison

Skill      XL: |  1  2  3  4  5  6  7 |
---------------+----------------------+-----
Axes           | 4 5 6 |  6.4
Armour         | 3 4 5 |  5.5
Fighting       | 4 5 |  5.6
Dodging        | 3 |  3.3
Long Blades    | 1 2 |  2.4
Stealth        | |  0.8

Action                   |  1- 3 |  4- 6 |  7- 9 || total
-------------------------+-------+-------+-------++-------
Melee: Hand axe          |    73 |   104 |       ||   177
       Headbutt          |    13 |    15 |     3 ||    31
       Long sword        |       |    35 |    20 ||    55
Invok: Berserk           |       |       |     1 ||     1
  Eat: Chunk             |     3 |     4 |       ||     7
       Bread ration      |       |     1 |       ||     1
Armor: Animal skin       |     7 |       |       ||     7
       Chain mail        |    26 |    92 |    17 ||   135
Dodge: Dodged            |    43 |    69 |     5 ||   117
       Rpst.: Long sword |       |     4 |     1 ||     5
